 Dungeon Crawl Stone Soup version 0.21-a0-153-g78480df (webtiles) character file.

243 grisnicke the Chopper (level 6, -6/48 HPs)
             Began as a Human Wanderer on July 31, 2017.
             Was an Initiate of Nemelex Xobeh.
             Splashed by a jelly's acid (8 damage)
             ... on level 3 of the Dungeon.
             The game lasted 00:15:37 (3791 turns).

grisnicke the Chopper (Human Wanderer)              Turns: 3791, Time: 00:15:37

Health: -6/48      AC:  0    Str: 13    XL:     6   Next: 31%
Magic:  10/10      EV: 10    Int: 13    God:    Nemelex Xobeh [......]
Gold:   161        SH:  2    Dex: 13    Spells: 11/11 levels left

rFire    . . .     SeeInvis .   a - +0 war axe
rCold    . . .     Gourm    .   (no shield)
rNeg     . . .     Faith    .   E - +0 ring mail (curse)
rPois    +         Spirit   .   r - +2 hat
rElec    .         Reflect  +   (no cloak)
rCorr    .         Harm     .   (no gloves)
MR       .....     Rnd*Rage +   (no boots)
Stlth    +.........             o - +2 amulet of reflection
HPRegen  0.16/turn              (no ring)
MPRegen  0.12/turn              (no ring)

@: corroded
A: berserk 1, poison resistance
a: Renounce Religion


You were on level 3 of the Dungeon.
You worshipped Nemelex Xobeh.
Nemelex Xobeh was noncommittal.
You were not hungry.

You visited 1 branch of the dungeon, and saw 3 of its levels.

You collected 161 gold pieces.

Inventory:

Hand Weapons
 a - a +0 war axe (weapon)
   (You found it on level 2 of the Dungeon)
 b - a +0 hunting sling
   (You took it off a goblin on level 3 of the Dungeon)
 k - a +0 short sword
   (You took it off a kobold on level 1 of the Dungeon)
Missiles
 e - 16 sling bullets
 h - 120 stones (quivered)
Armour
 r - a +2 hat (worn)
   (You found it on level 2 of the Dungeon)
 s - a +0 scale mail
   (You found it on level 2 of the Dungeon)
 y - a +0 shield
 E - a cursed +0 ring mail (worn)
   (You took it off a gnoll on level 3 of the Dungeon)
Jewellery
 o - a +2 amulet of reflection (around neck)
   (You found it on level 1 of the Dungeon)
Scrolls
 i - a scroll of magic mapping {unknown}
 m - a scroll of noise {unknown}
 w - a scroll of remove curse
 x - a scroll of amnesia {unknown}
Potions
 j - a potion of agility {unknown}
 n - a potion of haste {unknown}
 p - 2 potions of heal wounds {unknown}
 t - a potion of degeneration {unknown}
 u - 2 potions of curing
 v - a potion of resistance {unknown}
 A - a potion of brilliance {unknown}
 B - a potion of might {unknown}
Books
 c - the Disquisition on Protection

   Spells                             Type                      Level
   a - Infusion                       Charms                       1
   b - Regeneration                   Charms/Necromancy            3
 l - Kikubaaqudgha's Reference Book on Darkness

   Spells                             Type                      Level
   a - Corpse Rot                     Necromancy                   2
   b - Sublimation of Blood           Necromancy                   2
Miscellaneous
 z - a plain deck of destruction {drawn: 8}
   (Nemelex Xobeh gifted it to you on level 3 of the Dungeon)
Comestibles
 d - a meat ration {@e2}
 f - 5 bread rations {@e1}
 g - 2 royal jellies
 C - 3 fruits


   Skills:
 - Level 4.0 Fighting
 * Level 4.3 Axes
 - Level 0.2 Armour
 - Level 1.0 Stealth
 - Level 2.0 Shields
 - Level 3.0 Spellcasting
   Level 2.0 Poison Magic
 + Level 0.2 Invocations


You had 11 spell levels left.
You didn't know any spells.

Dungeon Overview and Level Annotations

Branches:
Dungeon (3/15)

Altars:
Nemelex Xobeh
Trog
Uskayaw


Innate Abilities, Weirdness & Mutations

You tend to lose your temper in combat.
Your system is resistant to poisons. (rPois)


Message History

No target in view!
h - 111 stones (gained 1)
h - 112 stones (gained 1)
Items here: )) [ ÷÷ ††††
h - 115 stones (gained 3)
You see here a whip.
e - 12 sling bullets (gained 5)
You see here a rat corpse.
A kobold comes into view.
You butcher the rat corpse.
The kobold shouts!
You see here a chunk of flesh {@w0}.
q - a chunk of flesh {@w0} You see here a sling bullet.
Your ring mail prevents you from hitting the kobold.
The kobold barely misses you.
You closely miss the kobold. The kobold hits you but does no damage.
You block the kobold's attack.
You slash the kobold!
You kill the kobold!
No target in view!
e - 13 sling bullets (gained 1)
You see here a kobold corpse.
e - 14 sling bullets (gained 1)
e - 15 sling bullets (gained 1)
You see here a kobold corpse.
e - 16 sling bullets (gained 1)
C - 3 fruits
Found a stone staircase leading up.
b - a +0 hunting sling (weapon)
f - 5 bread rations {@e1} (gained 1)
Found a stone staircase leading down.
There is a stone staircase leading up here.
You regained 2 hp, and now have 37/48 hp.
Quiver which item? (- for none, * to show all) (? for menu, Esc to quit)
Quivering
h - 115 stones for slings.
Eating a chunk of flesh {@w0}.
You eat the chunk of flesh {@w0}.
Found a bloodstained altar of Trog.
You open the door.
You see here a war axe.
There is a bloodstained altar of Trog here.
There is an open gate here.
There is an open gate here.
There is an open gate here.
There is an open door here.
A kobold comes into view. It is wielding a dagger.
The kobold shouts!
The kobold throws a stone.
The stone barely misses you.
You see here a stone.
Health restored: 48
Aim: a kobold, wielding a dagger You shoot a stone.
The stone hits the kobold.
You kill the kobold!
No target in view!
h - 115 stones (gained 1)
h - 120 stones (gained 5)
You see here a dagger.
You open the door. 8 oozes and 2 jellies come into view.
The ooze quivers.
The jelly quivers.
The ooze quivers. x3; The jelly quivers.
The jelly closely misses you.
The ooze hits the fungus.
There is an open door here.
You see here a dagger.
a - a +0 war axe (weapon)
The jelly closely misses you.
You hit the jelly but do no damage. The acid corrodes you!
Your hands burn!
The jelly hits you.
You are splashed with acid!
The acid burns!
You take 13 damage, and have 35/48 hp.
MASSIVE DAMAGE!!
You hit the jelly.
Your hands burn!
The jelly hits you but does no damage.
You take 4 damage, and have 31/48 hp.
You hit the jelly.
Your hands burn!
The jelly closely misses you. The jelly hits you. The acid corrodes you!
You are splashed with acid!
The acid burns!
You take 14 damage, and have 17/48 hp.
MASSIVE DAMAGE!!
You hit the jelly.
Your hands burn!
* * * LOW HITPOINT WARNING * * *
The jelly hits you.
* * * LOW HITPOINT WARNING * * *
You are splashed with acid!
The acid burns!
* * * LOW HITPOINT WARNING * * *
You take 15 damage, and have 2/48 hp.
MASSIVE DAMAGE!!
You draw a card...
It is Wild Magic.
You feel a surge of magic. The jelly barely misses you.
Unknown command.
You draw a card...
It is the Orb.
You have drawn the Orb.
Aim: a jelly (heavily wounded)
The orb of energy hits the jelly.
The jelly barely misses you.
You draw a card...
It is Vitriol.
You have drawn Vitriol.
Aim: a jelly (severely wounded)
The glob of acid hits the jelly.
The jelly completely resists.
The jelly hits you.
* * * LOW HITPOINT WARNING * * *
You are splashed with acid!
The acid burns!
You die...
Your body disappears without a glow.

##.....###.#
#.#
#.......##.#
#.#
#.......##.#
#.##
#.......##.##
#..#
#.......##..#
##.##.#
#....######.#
#.##.#
#....'..###.#
#.##.#
########.##.#
#.##.#
##)JJ@..###.#
#..#.#
#J#######
#.#####.#.#
#.÷.P.....
#.......#.#
#.J.J.J.P.
#.#####.#.#
#..J..P...
#.# #...#
#÷....PJ..
#.######..#
#....JJJ..
#.=......>#
#..÷.J..÷!
#.#########.
##########
#.#########.


You could see 2 jellies and an ooze.

Vanquished Creatures
  An orc wizard (D:3)
  3 gnolls
  2 adders (D:2)
  2 oozes (D:3)
  A worm (D:2)
  5 dart slugs
  5 leopard geckos
  5 orcs (D:3)
  3 giant cockroaches (D:3)
  8 goblins
  8 hobgoblins
  8 jackals
  A ball python (D:1)
  2 bats
  6 frilled lizards
  14 kobolds
  8 rats
82 creatures vanquished.

Vanquished Creatures (collateral kills)
  An ogre (D:3)
  A gnoll (D:3)
2 creatures vanquished.

Vanquished Creatures (others)
  13 toadstools (D:3)
13 creatures vanquished.

Grand Total: 97 creatures vanquished

Notes
Turn   | Place    | Note
-------+----------+-------------------------------------------
     0 | D:1      | grisnicke the Human Wanderer began the quest for the Orb.
     0 | D:1      | grisnicke set off with: a +0 shield, Kikubaaqudgha's Reference Book on Darkness, the Disquisition on Protection, a +0 robe, a +0 dagger, a bread ration {@e1}
     0 | D:1      | Reached XP level 1. HP: 16/16 MP: 4/4
     0 | D:1      | Identified Kikubaaqudgha's Reference Book on Darkness
     0 | D:1      | Identified the Disquisition on Protection
   454 | D:1      | Reached XP level 2. HP: 20/23 MP: 6/6
   921 | D:1      | HP: 3/23 [gnoll/club (8)]
   924 | D:1      | HP: 1/23 [gnoll/club (1)]
   961 | D:1      | HP: 1/23 [gnoll/club (2)]
   963 | D:1      | Reached skill level 3 in Fighting
   963 | D:1      | Reached XP level 3. HP: 2/29 MP: 7/7
  1907 | D:2      | Reached XP level 4. HP: 30/37 MP: 8/8
  1939 | D:2      | Reached skill level 4 in Fighting
  2568 | D:2      | Reached skill level 1 in Axes
  2700 | D:3      | Found a sparkling altar of Nemelex Xobeh.
  2704 | D:3      | Became a worshipper of Nemelex Xobeh the Trickster
  2720 | D:3      | Received a gift from Nemelex Xobeh
  2822 | D:3      | Reached skill level 2 in Axes
  2822 | D:3      | Reached XP level 5. HP: 34/42 MP: 9/9
  2993 | D:3      | Reached skill level 3 in Axes
  3002 | D:3      | Gained mutation: You tend to lose your temper in combat. [potion of mutation]
  3002 | D:3      | Gained mutation: You are robust. (+10% HP) [potion of mutation]
  3002 | D:3      | Lost mutation: You are robust. (+10% HP) [potion of mutation]
  3002 | D:3      | Gained mutation: Your system is resistant to poisons. (rPois) [potion of mutation]
  3396 | D:3      | Found a hide-covered altar of Uskayaw.
  3540 | D:3      | Noticed an ogre
  3545 | D:3      | Killed an ogre
  3545 | D:3      | Reached skill level 4 in Axes
  3545 | D:3      | Reached XP level 6. HP: 44/48 MP: 10/10
  3671 | D:3      | Found a bloodstained altar of Trog.
  3786 | D:3      | HP: 12/48 [acid (5)]
  3786 | D:3      | HP: 2/48 [acid (9)]
  3791 | D:3      | HP: 2/48 [jelly (1)]
  3791 | D:3      | Splashed by a jelly's acid

Vault maps used:
D:1:      evilmike_arrival_hilbert_curve, st_stairs_11
D:2:      minmay_pentomino_q2
D:3:      cheibrodos_fertilizer, eat_drink_and_be_merry_uskayaw,
          lemuel_round_altar, first_bread, nemelex_lonely_heart_becter

Skill      XL: |  1  2  3  4  5 |
---------------+----------------+-----
Fighting       | 3 4 |  4.0
Axes           | 2 4 |  4.3
Armour         | |  0.2
Stealth        | |  1.0
Shields        | |  2.0
Spellcasting   | |  3.0
Poison Magic   | |  2.0
Invocations    | |  0.2

Action                   |  1- 3 |  4- 6 || total
-------------------------+-------+-------++-------
Melee: Dagger            |    78 |       ||    78
       Short sword       |    70 |    31 ||   101
       War axe           |       |   188 ||   188
 Fire: Hunting sling     |       |    10 ||    10
Throw: Stone             |     4 |     6 ||    10
Evoke: Deck              |       |     8 ||     8
  Use: Scroll            |       |     4 ||     4
       Potion            |       |     1 ||     1
  Eat: Chunk             |     3 |     7 ||    10
Armor: Robe              |     9 |       ||     9
       Scale mail        |    11 |    58 ||    69
       Leather armour    |     1 |       ||     1
       Ring mail         |       |    38 ||    38
Dodge: Dodged            |    34 |    96 ||   130
Block: Shield            |    64 |    41 ||   105
       Reflection        |     2 |       ||     2
       Other             |       |    14 ||    14

Vault maps used:
D:1:      evilmike_arrival_hilbert_curve, st_stairs_11
D:2:      minmay_pentomino_q2
D:3:      cheibrodos_fertilizer, eat_drink_and_be_merry_uskayaw,
          lemuel_round_altar, first_bread, nemelex_lonely_heart_becter

Table legend:
 A = Turns spent in this place as a percentage of turns spent in the entire game.
 B = Non-inter-level travel turns spent in this place as a percentage of non-inter-level travel turns spent in the entire game.
 C = Inter-level travel turns spent in this place as a percentage of turns spent in this place.
 D = Turns resting spent in this place as a percentage of non-inter-level travel turns spent in this place.
 E = Turns spent auto-exploring this place as a percentage of non-inter-level travel turns spent in this place.
 F = Non-inter-level travel turns spent in this place divided by the number of levels of this place that you've seen.
                   A       B       C       D       E      F
               +-------+-------+-------+-------+-------+----------------------
         Total | 100.0 | 100.0 |   0.2 |   2.4 |   5.2 | 402.3
       Dungeon | 100.0 | 100.0 |   0.2 |   2.4 |   5.2 | 402.3
               +-------+-------+-------+-------+-------+----------------------

Table legend:
 A = Kills in this place as a percentage of kills in entire the game.
 B = Kills by you in this place as a percentage of kills by you in the entire game.
 C = Kills by friends in this place as a percentage of kills by friends in the entire game.
 D = Other kills in this place as a percentage of other kills in the entire game.
 E = Experience gained in this place as a percentage of experience gained in the entire game.
 F = Experience gained in this place divided by the number of levels of this place that you have seen.
                   A       B       C       D       E      F
               +-------+-------+-------+-------+-------+----------------------
         Total | 100.0 | 100.0 | 100.0 |  -nan | 100.0 | 116.0
       Dungeon | 100.0 | 100.0 | 100.0 |  -nan | 100.0 | 116.0
               +-------+-------+-------+-------+-------+----------------------
